 Dungeon Crawl Stone Soup version 0.27.0-1-g7a089689b8 (webtiles) character file.

Game seed: 12881870670450856739

212 SnakkuSnakku7 the Bolt Thrower (level 6, -7/43 HPs)
             Began as a Human Arcane Marksman on July 31, 2021.
             Mangled by Sigmund (12 damage)
             ... on level 4 of the Dungeon.
             The game lasted 00:04:05 (2572 turns).

SnakkuSnakku7 the Bolt Thrower (HuAM)               Turns: 2572, Time: 00:04:06

Health: -7/43      AC:  2    Str: 12    XL:     6   Next: 13%
Magic:  7/7        EV: 12    Int: 14    God:
Gold:   79         SH:  0    Dex: 13    Spells: 6/7 levels left

rFire    . . .     SeeInvis .   a - +0 hand crossbow
rCold    . . .     Faith    .   (no shield)
rNeg     . . .     Spirit   .   d - +0 robe
rPois    .         Reflect  .   (no helmet)
rElec    .         Harm     .   (no cloak)
rCorr    .         Rampage  .   (no gloves)
Will     +....                  (no boots)
Stlth    +.........             (no amulet)
HPRegen  0.14/turn              f - ring of willpower
MPRegen  0.10/turn              (no ring)

@: lethally poisoned (-7 -> -22)
A: no striking features
a: no special abilities


You were on level 4 of the Dungeon.
You visited 1 branch of the dungeon, and saw 5 of its levels.

You collected 79 gold pieces.

Inventory:

Hand Weapons
 a - a +0 hand crossbow (weapon)
 b - a +0 hand axe
Missiles
 c - 47 bolts (quivered ammo)
 g - 17 poisoned darts
Armour
 d - a +0 robe (worn)
Jewellery
 f - a ring of willpower (left hand)
Wands
 j - a wand of paralysis (2)
Scrolls
 e - 2 scrolls of silence
 h - a scroll of enchant armour {unknown}
 i - a scroll of enchant weapon {unknown}


   Skills:
 - Level 1.0 Fighting
 + Level 5.7 Crossbows
 - Level 2.2 Dodging
 - Level 1.0 Spellcasting
 - Level 3.1 Hexes


You had 6 spell levels left.
You knew the following spells:

 Your Spells              Type           Power      Damage    Failure   Level
a - Corona                Hex            10%        N/A       8%          1

Your spell library contained the following spells:

 Spells                   Type           Power      Damage    Failure   Level
 Slow                     Hex            9%         N/A       11%         2
 Animate Skeleton         Necr           0%         N/A       26%         1
 Apportation              Tloc           0%         N/A       26%         1
 Summon Small Mammal      Summ           0%         N/A       26%         1
 Inner Flame              Hex/Fire       5%         N/A       38%         3
 Portal Projectile        Hex/Tloc       10%        N/A       38%         3
 Cause Fear               Hex            4%         N/A       58%         4


Dungeon Overview and Level Annotations

Branches:
Dungeon (5/15)
 Temple: D:4-7

Altars:

Shops:
D:1 [

Annotations:
D:4 Dowan; Duvessa; Sigmund
D:5 3 runed translucent doors, Nausicaa's ghost, novice MiBe


Message History

Okay, then.
Aiming: Paralyse
Press: ? - help, Shift-Dir - straight line, f - Sigmund
Aim: Sigmund, wielding a +0 scythe of venom and wearing a +0 robe (chance to affect: 54%) Sigmund resists with significant effort.
Sigmund misses you.
Aiming: Paralyse
Press: ? - help, Shift-Dir - straight line, f/p - Sigmund
Aim: Sigmund, wielding a +0 scythe of venom and wearing a +0 robe (chance to affect: 54%) Sigmund resists with significant effort.
Sigmund hits you but does no damage.
You are poisoned.
Aiming: Paralyse
Press: ? - help, Shift-Dir - straight line, f/p - Sigmund
Aim: Sigmund, wielding a +0 scythe of venom and wearing a +0 robe (chance to affect: 54%) Sigmund resists with significant effort.
You feel very sick. Sigmund barely misses you.
Aiming: Paralyse
Press: ? - help, Shift-Dir - straight line, f/p - Sigmund
Aim: Sigmund, wielding a +0 scythe of venom and wearing a +0 robe (chance to affect: 54%) Sigmund resists with significant effort.
You feel sick.
Sigmund hits you with a +0 scythe of venom!
You are lethally poisoned!
Aiming: Paralyse
Press: ? - help, Shift-Dir - straight line, f/p - Sigmund
Aim: Sigmund, wielding a +0 scythe of venom and wearing a +0 robe (chance to affect: 54%) Sigmund resists with significant effort.
* * * LOW HITPOINT WARNING * * *
You feel very sick. Sigmund barely misses you.
Aiming: Paralyse
Press: ? - help, Shift-Dir - straight line, f/p - Sigmund
Aim: Sigmund, wielding a +0 scythe of venom and wearing a +0 robe (chance to affect: 54%) Sigmund resists with significant effort.
* * * LOW HITPOINT WARNING * * *
You feel very sick.
Sigmund hits you with a +0 scythe of venom!
You die...

#(.......# # #.#
#.##.....# .##.#
#.###...## ..#.##
#.# ##.## #...###
#.# #.####
#.....###.####.....
#...#..........####
#@##..##.####.#
#@....##.# #.#
####.###.# #.# #.#
#.# #.. #.# .#. #.#
... # # ..# #.# [.
#.# .#


You could see Sigmund.

Vanquished Creatures
  A water moccasin (D:5)
  Natasha (D:2)
  An orc wizard (D:5)
  An adder (D:2)
  2 dart slugs (D:1)
  4 orcs
  4 endoplasms
  2 giant cockroaches
  3 hobgoblins
  6 jackals (D:1)
  2 quokkas
  3 ball pythons
  3 bats
  2 frilled lizards (D:1)
  A goblin (D:1)
  3 kobolds (D:1)
  3 rats (D:1)
42 creatures vanquished.

Notes
Turn   | Place    | Note
-------+----------+-------------------------------------------
     0 | D:1      | SnakkuSnakku7 the Human Arcane Marksman began the quest for
                  | the Orb.
     0 | D:1      | Reached XP level 1. HP: 15/15 MP: 2/2
    11 | D:1      | Found Zaleall's Antique Armour Shop.
   130 | D:1      | Reached XP level 2. HP: 21/21 MP: 3/3
   713 | D:1      | Reached XP level 3. HP: 23/26 MP: 4/4
   718 | D:1      | Reached skill level 3 in Crossbows
   841 | D:1      | Found a faded altar of an unknown god.
  1430 | D:2      | Reached XP level 4. HP: 32/32 MP: 5/5
  1435 | D:2      | Noticed Natasha
  1446 | D:2      | Killed Natasha
  1447 | D:2      | Reached skill level 4 in Crossbows
  1737 | D:2      | Found a runed translucent door.
  1737 | D:2      | You fall into a shaft and drop 1 floor!
  1834 | D:4      | Noticed Duvessa
  1834 | D:4      | Noticed Dowan
  1840 | D:5      | Entered Level 5 of the Dungeon
  2069 | D:5      | Noticed Nausicaa's ghost (novice MiBe)
  2074 | D:5      | Found a runed translucent gate.
  2074 | D:5      | Found a runed translucent gate.
  2074 | D:5      | Noticed a necrophage
  2075 | D:5      | Found a runed translucent gate.
  2102 | D:5      | Noticed a water moccasin
  2111 | D:5      | Killed a water moccasin
  2112 | D:5      | Reached skill level 5 in Crossbows
  2112 | D:5      | Reached XP level 5. HP: 6/37 MP: 6/6
  2117 | D:5      | HP: 1/37 [poisoned by a water moccasin]
  2376 | D:5      | Reached XP level 6. HP: 27/43 MP: 7/7
  2563 | D:4      | Noticed Sigmund
  2572 | D:4      | Mangled by Sigmund

Illustrated notes

Levels and vault maps discovered:
D:1:      nzn_arrival_water_spiral, layout_rooms,
          hellmonk_ecumenical_altar_run_dry, serial_shops, shop
D:2:      layout_basic, basic_altar, kennysheep_nondescript, kennysheep_path_1,
          hangedman_feature_mirror, uniq_natasha, uniq_crazy_yiuf_cottage
D:3:      layout_basic, serial_shops, nicolae_shop_overgrown_old_shop
D:4:      layout_loops_ring, kennysheep_little_box, lemuel_round_altar,
          serial_forest, infiniplex_forest_end_2, infiniplex_forest_clump_long,
          infiniplex_forest_lined_room_3, infiniplex_forest_lined_room_3,
          infiniplex_forest_corner_2, infiniplex_forest_clump_small,
          infiniplex_forest_lined_3, uniq_ijyb, uniq_duvessa, uniq_sigmund
D:5:      layout_basic, nicolae_hepliaklqana_ecumenical_no_more,
          gammafunk_ghost_split

Skill      XL: |  1  2  3  4 |
---------------+-------------+-----
Crossbows      | 3 5 |  5.7
Fighting       | |  1.0
Dodging        | |  2.2
Spellcasting   | |  1.0
Hexes          | |  3.1

Action                   |  1- 3 |  4- 6 || total
-------------------------+-------+-------++-------
Melee: Hand axe          |    41 |       ||    41
 Fire: Hand crossbow     |    36 |    31 ||    67
Evoke: Wand              |       |     6 ||     6
  Use: Scroll            |       |     1 ||     1
       Potion            |       |     1 ||     1
 Stab: Sleeping          |     2 |       ||     2
       Distracted        |     1 |       ||     1
Armor: Robe              |    23 |     5 ||    28
Dodge: Dodged            |    44 |    10 ||    54
